 Dungeon Crawl Stone Soup version 0.24-a0-581-gc0fa660 (webtiles) character file.

Game seed: 9055093665922887547

10556 silenth the Arsonist (level 11, -3/64 HPs)
             Began as a Deep Elf Fire Elementalist on Aug 25, 2019.
             Was a Priest of Vehumet.
             Slain by an eight-headed hydra (7 damage)
             ... on level 1 of the Lair of Beasts.
             The game lasted 00:19:05 (13608 turns).

silenth the Arsonist (Deep Elf Fire Elementalist)  Turns: 13608, Time: 00:19:06

Health: -3/64      AC: 10    Str:  5    XL:     11   Next: 37%
Magic:  9/28       EV: 15    Int: 26    God:    Vehumet [***...]
Gold:   294        SH:  0    Dex: 15    Spells: 19/32 levels left

rFire    . . .     SeeInvis .   a - +1 whip (elec)
rCold    . . .     Gourm    .   (no shield)
rNeg     + . .     Faith    .   J - +2 robe {rN+}
rPois    .         Spirit   .   h - +2 helmet
rElec    .         Reflect  .   w - +2 cloak
rCorr    .         Harm     .   (no gloves)
MR       +....                  (no boots)
Stlth    ++........             k - amulet of regeneration
HPRegen  0.60/turn              d - ring of wizardry
MPRegen  0.21/turn              l - +2 ring of intelligence

@: no status effects
A: no striking features
a: Renounce Religion


You were on level 1 of the Lair of Beasts.
You worshipped Vehumet.
Vehumet was most pleased with you.
You were not hungry.

You visited 3 branches of the dungeon, and saw 13 of its levels.
You also visited: Ossuary.

You collected 582 gold pieces.
You spent 288 gold pieces at shops.

Inventory:

Hand Weapons
 a - a +1 whip of electrocution (weapon)
 b - a +4 long sword of pain
Missiles
 B - 4 throwing nets (quivered)
Armour
 h - a +2 helmet (worn)
 w - a +2 cloak (worn)
 J - a +2 robe of positive energy (worn)
Jewellery
 d - a ring of wizardry (left hand)
 k - an amulet of regeneration (around neck)
 l - a +2 ring of intelligence (right hand)
 q - an uncursed ring of positive energy
 I - an uncursed ring of see invisible
 W - an uncursed ring of fire
Wands
 m - a wand of flame (48)
 G - a wand of iceblast (17)
 R - a wand of disintegration (16)
Scrolls
 i - a scroll of identify
 r - 16 scrolls of remove curse
 s - 3 scrolls of blinking
 x - 2 scrolls of fog
 y - a scroll of magic mapping
 H - 2 scrolls of teleportation
 O - a scroll of vulnerability
Potions
 c - 8 potions of curing
 g - 3 potions of flight {unknown}
 j - a potion of ambrosia
 n - 4 potions of heal wounds
 o - 2 potions of lignification
 t - a potion of invisibility
 u - 2 potions of might
 v - 2 potions of magic
 z - 2 potions of haste {unknown}
 C - a potion of brilliance
 D - a potion of resistance
 E - a potion of mutation
 K - a potion of berserk rage {unknown}
 N - 3 potions of agility
 Q - 2 potions of cancellation
Comestibles
 e - 11 rations
 f - 5 chunks of flesh


   Skills:
 + Level 5.4 Fighting
 + Level 5.4 Dodging
 - Level 2.4 Stealth
 + Level 11.0 Spellcasting
 + Level 10.8 Conjurations
 + Level 11.2 Fire Magic
 + Level 1.7 Evocations


You had 19 spell levels left.
You knew the following spells:

 Your Spells              Type           Power        Failure   Level  Hunger
a - Flame Tongue          Conj/Fire      #####        1%          1    None
b - Conjure Flame         Conj/Fire      ######..     1%          3    None
c - Sticky Flame          Conj/Fire      ######..     1%          4    None
d - Fireball              Conj/Fire      ######....   1%          5    ###....

Your spell library contained the following spells:

 Spells                   Type           Power        Failure   Level  Hunger
 Ignite Poison            Fire/Tmut/Pois ####....     1%          3    None
 Confusing Touch          Hex            ##....       1%          1    None
 Throw Flame              Conj/Fire      ######       1%          2    None
 Inner Flame              Hex/Fire       #####...     1%          3    None
 Force Lance              Conj/Tloc      #####...     1%          4    None
 Venom Bolt               Conj/Pois      #####.....   1%          5    ###....
 Confuse                  Hex            ##......     4%          3    None
 Gell's Gravitas          Tloc           ##........   4%          3    None
 Lesser Beckoning         Tloc           ##........   4%          3    None
 Yara's Violent Unravell  Hex/Tmut       ##........   13%         5    ###....
 Petrify                  Tmut/Erth      ##......     16%         4    None
 Metabolic Englaciation   Hex/Ice        ##........   41%         5    ###....
 Dispersal                Tloc           ##........   91%         6    #####..


Dungeon Overview and Level Annotations

Branches:
Dungeon (11/15)            Temple (1/1) D:5            Lair (1/6) D:8
    Orc (0/2) D:11        Ossuary (visited)

Altars:
Ashenzari
Cheibriados
Dithmenos
Hepliaklqana
Nemelex Xobeh
Okawaru
Qazlal
Ru
Trog
Uskayaw
Vehumet
Xom
Yredelemnul
The Shining One

Shops:
D:7 !   D:11 *

Annotations:
D:7 2 runed translucent doors, Alphaeus's ghost, novice OpFi


Message History

The sticky flame hits the eight-headed hydra.
The eight-headed hydra is severely wounded.
The eight-headed hydra is covered in liquid flames!
The eight-headed hydra burns!
The eight-headed hydra bites you.
The eight-headed hydra bites you but does no damage.
The eight-headed hydra bites you! The eight-headed hydra misses you.
The eight-headed hydra bites you!
* * * LOW HITPOINT WARNING * * *
The eight-headed hydra bites you.
* * * LOW HITPOINT WARNING * * *
The eight-headed hydra misses you.
The eight-headed hydra barely misses you.
The eight-headed hydra burns!
The eight-headed hydra bites you!
* * * LOW HITPOINT WARNING * * *
The eight-headed hydra misses you. x2
The eight-headed hydra closely misses you.
The eight-headed hydra bites you.
* * * LOW HITPOINT WARNING * * *
The eight-headed hydra bites you!
You die...

# #### ### ###
...##P##..######.############.#
#......†.....D@................
#................###.##........
.................###..#.......#
#.#####..P.......##..#........#
. ....#.......#...##.......#
............†....##........
......#.......#P...........#
..............##..##.......#
.#........#..##.......#


You could see an eight-headed hydra (burning).

Vanquished Creatures
  Erica (D:11)
  Pikel (D:6)
  An ugly thing (D:11)
  A spiny frog (Lair:1)
  2 komodo dragons (Lair:1)
  A merfolk (D:10)
  4 hippogriffs
  Sigmund (D:3)
  5 yaks (D:10)
  A hungry ghost (D:7)
  Menkaure (D:6)
  3 wargs (D:8)
  Duvessa (D:6)
  2 porcupines (Lair:1)
  3 sky beasts
  A slave (D:6)
  An eye of draining (D:8)
  2 ice beasts
  6 orc warriors
  5 ogres
  2 phantoms
  5 centaurs
  2 crocodiles (Lair:1)
  An elf zombie (Ossuary)
  5 bullfrogs
  5 scorpions
  Dowan (D:6)
  4 killer bees
  5 wights (D:11)
  A vampire bat (D:11)
  2 howler monkeys (D:10)
  8 electric eels (D:10)
  2 bullfrog zombies
  2 centaur zombies (Ossuary)
  5 crimson imps
  A jelly (D:7)
  A quasit (D:11)
  Crazy Yiuf (D:3)
  A human zombie (Ossuary)
  3 orc priests
  6 hounds
  A centaur skeleton (D:8)
  3 iguanas
  Ijyb (D:3)
  11 worker ants
  11 orc wizards
  3 big kobold zombies (Ossuary)
  A hound zombie (D:6)
  A hound skeleton (D:6)
  2 mummies (Ossuary)
  A howler monkey zombie (D:6)
  A worker ant zombie (D:10)
  10 gnolls
  10 adders
  3 shadow imps
  2 adder zombies (Ossuary)
  A worm (D:2)
  3 dart slugs
  3 leopard geckos
  31 orcs
  9 giant cockroaches
  7 hobgoblins
  14 jackals
  6 kobolds
  A quokka (D:4)
  A ball python (D:4)
  13 bats
  6 frilled lizards
  6 goblins
  2 goblin zombies (Ossuary)
  8 hobgoblin zombies (Ossuary)
  A jackal zombie (Ossuary)
  4 kobold zombies (Ossuary)
  3 leopard gecko skeletons
  12 orc zombies (Ossuary)
  A quokka skeleton (D:9)
  A quokka zombie (D:6)
  6 rats
  A rat zombie (Ossuary)
307 creatures vanquished.

Vanquished Creatures (others)
  A fungus (Lair:1)
1 creature vanquished.

Grand Total: 308 creatures vanquished

Notes
Turn   | Place    | Note
-------+----------+-------------------------------------------
     0 | D:1      | silenth the Deep Elf Fire Elementalist began the quest for
                  | the Orb.
     0 | D:1      | Reached XP level 1. HP: 10/10 MP: 6/6
   248 | D:1      | Reached XP level 2. HP: 15/15 MP: 6/8
   645 | D:1      | Reached skill level 2 in Conjurations
   965 | D:2      | Reached XP level 3. HP: 19/19 MP: 6/10
   970 | D:2      | Learned a level 3 spell: Conjure Flame
  1005 | D:2      | Reached skill level 4 in Fire Magic
  1235 | D:2      | Reached XP level 4. HP: 24/24 MP: 8/11
  1264 | D:2      | Learned a level 4 spell: Sticky Flame
  1542 | D:3      | Reached skill level 3 in Conjurations
  1543 | D:3      | Found a stormy altar of Qazlal.
  1551 | D:3      | Noticed Sigmund
  1564 | D:3      | Killed Sigmund
  1564 | D:3      | Reached skill level 4 in Spellcasting
  1564 | D:3      | Reached skill level 4 in Conjurations
  1564 | D:3      | Reached skill level 5 in Fire Magic
  1564 | D:3      | Reached XP level 5. HP: 28/28 MP: 3/13
  1639 | D:3      | Found a shadowy altar of Dithmenos.
  1681 | D:3      | Found a sparkling altar of Nemelex Xobeh.
  1774 | D:3      | Noticed Ijyb
  1783 | D:3      | Killed Ijyb
  1783 | D:3      | Reached XP level 6. HP: 20/32 MP: 6/14
  1921 | D:3      | Found a sparkling altar of Nemelex Xobeh.
  2055 | D:3      | Learned a level 5 spell: Fireball
  2158 | D:3      | Found a runed translucent door.
  2159 | D:3      | Noticed Crazy Yiuf
  2166 | D:3      | Killed Crazy Yiuf
  2671 | D:4      | Reached skill level 5 in Spellcasting
  2671 | D:4      | Reached skill level 5 in Conjurations
  2671 | D:4      | Reached skill level 6 in Fire Magic
  2685 | D:4      | Found a snail-covered altar of Cheibriados.
  2884 | D:4      | Reached XP level 7. HP: 36/36 MP: 13/16
  3132 | D:4      | Reached skill level 6 in Conjurations
  3480 | D:4      | Reached skill level 7 in Fire Magic
  3696 | D:5      | Entered Level 5 of the Dungeon
  3716 | D:5      | Reached skill level 6 in Spellcasting
  3756 | D:5      | Reached XP level 8. HP: 27/41 MP: 16/19
  3888 | D:5      | Found a sand-covered staircase.
  3940 | Ossuary  | Entered an ossuary
  4422 | Ossuary  | Reached skill level 7 in Conjurations
  4801 | D:5      | Reached skill level 8 in Fire Magic
  4978 | D:5      | Found a staircase to the Ecumenical Temple.
  5015 | Temple   | Entered the Ecumenical Temple
  5113 | Temple   | Became a worshipper of Vehumet
  5187 | D:5      | Found a sacrificial altar of Ru.
  5366 | D:5      | Found a basalt altar of Yredelemnul.
  5517 | D:6      | Noticed Duvessa
  5517 | D:6      | Noticed Dowan
  5521 | D:6      | Killed Dowan
  5521 | D:6      | Killed Duvessa
  5521 | D:6      | Reached skill level 7 in Spellcasting
  5523 | D:6      | Noticed Menkaure
  5688 | D:6      | Killed Menkaure
  5688 | D:6      | Reached skill level 1 in Fighting
  5688 | D:6      | Reached skill level 3 in Dodging
  5932 | D:6      | Reached skill level 8 in Conjurations
  5944 | D:6      | Reached XP level 9. HP: 22/47 MP: 8/21
  6712 | D:6      | Noticed Pikel
  7323 | D:6      | Killed Pikel
  7323 | D:6      | Reached skill level 4 in Dodging
  7323 | D:6      | Reached skill level 9 in Fire Magic
  7734 | D:7      | Reached skill level 2 in Fighting
  7852 | D:7      | Reached * piety under Vehumet
  7852 | D:7      | Offered knowledge of Shock by Vehumet.
  8114 | D:7      | Found Xouluh's Distillery.
  8155 | D:7      | Found a large runed translucent door.
  8156 | D:7      | Found a large runed translucent door.
  8177 | D:7      | Noticed Alphaeus's ghost (novice OpFi)
  8248 | D:7      | Reached skill level 8 in Spellcasting
  8323 | D:7      | Found a shimmering altar of Xom.
  8324 | D:7      | Found a hazy altar of Hepliaklqana.
  8325 | D:7      | Found a hide-covered altar of Uskayaw.
  8629 | D:7      | Bought 2 potions of curing for 96 gold pieces
  8629 | D:7      | Bought a potion of heal wounds for 80 gold pieces
  8629 | D:7      | Bought a potion of curing for 48 gold pieces
  8629 | D:7      | Bought a potion of agility for 64 gold pieces
  8894 | D:8      | Reached skill level 9 in Conjurations
  8914 | D:7      | Reached skill level 5 in Dodging
  8995 | D:8      | Reached ** piety under Vehumet
  8995 | D:8      | Offered knowledge of Freeze by Vehumet.
  9153 | D:8      | Reached skill level 3 in Fighting
  9164 | D:8      | Reached XP level 10. HP: 23/56 MP: 17/24
  9650 | D:8      | Found a staircase to the Lair.
  9886 | D:8      | Found an iron altar of Okawaru.
  9979 | D:9      | Reached skill level 9 in Spellcasting
 10051 | D:9      | Reached skill level 10 in Fire Magic
 10435 | D:9      | Got a crystal dagger
 10436 | D:9      | Identified the +7 dagger of the Tired Princes {pierce,
                  | *Rage rElec rF- Dex+5} (You found it on level 9 of the
                  | Dungeon)
 10715 | D:10     | Entered Level 10 of the Dungeon
 10934 | D:10     | Reached skill level 4 in Fighting
 11028 | D:10     | Reached skill level 10 in Conjurations
 11189 | D:10     | Offered knowledge of Mephitic Cloud by Vehumet.
 11392 | D:10     | Reached skill level 10 in Spellcasting
 11409 | D:9      | Reached *** piety under Vehumet
 12227 | D:11     | Found a staircase to the Orcish Mines.
 12382 | D:11     | Got a dazzling plate armour
 12391 | D:11     | Identified a scroll of acquirement
 12391 | D:11     | Identified silenth's Almanac of Virous Translocation (You
                  | acquired it on level 11 of the Dungeon)
 12469 | D:11     | Offered knowledge of Ignite Poison by Vehumet.
 12474 | D:11     | Noticed Erica
 12475 | D:11     | Noticed a green ugly thing
 12486 | D:11     | Killed Erica
 12486 | D:11     | Reached skill level 5 in Fighting
 12486 | D:11     | Reached XP level 11. HP: 58/63 MP: 10/27
 12660 | D:11     | Killed a green ugly thing
 12660 | D:11     | Reached skill level 11 in Fire Magic
 12756 | D:11     | Found Ulomafat's Assorted Antiques.
 12995 | Lair:1   | Entered Level 1 of the Lair of Beasts
 13295 | Lair:1   | Reached skill level 1 in Evocations
 13593 | Lair:1   | Noticed an eight-headed hydra
 13599 | Lair:1   | Reached skill level 11 in Spellcasting
 13608 | Lair:1   | HP: 4/64 [eight-headed hydra (5)]
 13608 | Lair:1   | Slain by an eight-headed hydra

Levels and vault maps discovered:
D:1:      minmay_arrival_solitary_statue, layout_basic,
          hangedman_decor_diamond_cutter, minmay_domino_4
D:2:      cheibrodos_old_hovel, layout_loops_cross
D:3:      layout_rooms, grunt_dithmenos_smoke_and_mirrors, grunt_qazlal_clouds,
          nicolae_overflow_crystal_walls, nemelex_altar_shiori, uniq_ijyb,
          uniq_sigmund, uniq_crazy_yiuf_cottage
D:4:      layout_layer_cave, cheibriados_altar_1, first_ration
D:5:      layout_loops_ring, kennysheep_mini_moat, hangedman_ru_absence,
          minmay_temple_entry_arrows, nicolae_ossuary_entry_false_entrances,
          serial_glass, glass_columns_c, glass_columns_b, item_on_display_a,
          due_unseen_surprise, feat_on_display, feat_on_display,
          minmay_misc_feat_room, serial_bayou_pond_e
D:6:      layout_cave_pods, serial_rivers, chequers_serial_rivers_small_b,
          chequers_serial_rivers_micro_b, chequers_serial_rivers_micro_e,
          chequers_serial_rivers_large_a, chequers_serial_rivers_micro_e,
          uniq_duvessa, uniq_pikel, uniq_menkaure
D:7:      layout_basic, gammafunk_temple_overflow_forgotten,
          ebering_ghost_disaster_area, serial_shops, nicolae_shop_waterfront
D:8:      layout_rooms, nicolae_overflow_hidden_temple,
          erik_lair_orcish_takeover
D:9:      layout_roguey
D:10:     layout_basic, hangedman_fish_farm
D:11:     layout_rooms, david_orc_2, serial_shops, shop, roderic_batcave,
          uniq_erica
Temple:   minmay_temple_forest_path
Lair:1:   layout_regular_city, st_stairs_7

Skill      XL: |  1  2  3  4  5  6  7  8  9 10 11 |
---------------+----------------------------------+-----
Conjurations   | 2 4 5 6 8 9 10 | 10.8
Fire Magic     | 4 5 6 7 8 9 10 11 | 11.2
Spellcasting   | 4 5 6 7 8 10 11 | 11.0
Fighting       | 1 3 5 |  5.4
Dodging        | 3 5 |  5.4
Evocations     | 1 |  1.7
Stealth        | |  2.4

Action                   |  1- 3 |  4- 6 |  7- 9 | 10-12 || total
-------------------------+-------+-------+-------+-------++-------
Melee: Long sword        |       |    12 |   119 |       ||   131
       Whip              |       |       |    36 |    56 ||    92
 Cast: Flame Tongue      |    44 |    51 |   280 |   221 ||   596
       Sticky Flame      |       |     5 |    13 |    30 ||    48
       Fireball          |       |     3 |    12 |    14 ||    29
  Use: Scroll            |       |     1 |    11 |    14 ||    26
 Stab: Sleeping          |       |       |     1 |     1 ||     2
       Distracted        |       |       |       |     1 ||     1
  Eat: Chunk             |       |     5 |     9 |     5 ||    19
       Ration            |       |     1 |     5 |     3 ||     9
Armor: Robe              |     4 |    10 |   110 |    85 ||   209
Dodge: Dodged            |    10 |    26 |   212 |   242 ||   490
       Rpst.: Long sword |       |     3 |    39 |     1 ||    43

Table legend:
 A = Non-vault XP
 B = Vault XP
 C = Vault XP percentage of total XP
 D = Non-vault monster count
 E = Vault monster count
 F = Vault count percentage of total count
                 A         B        C        D         E       F
            +---------+---------+-------+---------+---------+-------
      Total |   10870 |    4210 |  27.9 |     228 |      78 |  25.5
            +---------+---------+-------+---------+---------+-------
        D:1 |      19 |       8 |  29.6 |      10 |       3 |  23.1
        D:2 |      92 |       2 |   2.1 |      18 |       1 |   5.3
        D:3 |      35 |     297 |  89.5 |      13 |       3 |  18.8
        D:4 |     839 |       0 |   0.0 |      35 |       0 |   0.0
        D:5 |     565 |       0 |   0.0 |      17 |       0 |   0.0
        D:6 |     613 |     991 |  61.8 |      31 |       4 |  11.4
        D:7 |     884 |       0 |   0.0 |      24 |       0 |   0.0
        D:8 |     861 |     699 |  44.8 |      16 |      10 |  38.5
        D:9 |     899 |       0 |   0.0 |      12 |       0 |   0.0
       D:10 |    2618 |     301 |  10.3 |      32 |       1 |   3.0
       D:11 |    1106 |    1525 |  58.0 |       9 |      17 |  65.4
     Lair:1 |    2339 |       0 |   0.0 |      11 |       0 |   0.0
    Ossuary |       0 |     387 | 100.0 |       0 |      39 | 100.0
            +---------+---------+-------+---------+---------+-------
